 Dungeon Crawl Stone Soup version 0.31-a0-532-g28f74ba3e5 (webtiles) character file.

Game seed: 11819098341531525935

149 RepHenryClay the Slasher (level 5, -2/44 HPs)
             Began as an Armataur Fighter on Aug 12, 2023.
             Slain by an iguana (8 damage)
             ... on level 2 of the Dungeon.
             The game lasted 00:03:02 (2052 turns).

RepHenryClay the Slasher (Armataur Fighter)         Turns: 2052, Time: 00:03:02

Health: -2/44      AC:  8    Str: 21    XL:     5   Next: 9%
Magic:  5/5        EV:  5    Int:  8    God:
Gold:   36         SH:  4    Dex: 12    Spells: 4/4 levels left

rFire   . . .        a - +0 long sword
rCold   . . .        c - +0 buckler
rNeg    . . .        e - +0 chain mail
rPois   .            (no helmet)
rElec   .            (no cloak)
rCorr   .            (no gloves)
SInv    .            (no barding)
Will    .....        (no amulet) Stlth
                     (no ring)
HPRegen 0.27/turn    (no ring)
MPRegen 0.09/turn

%: roll
@: mighty, hasted, very quick
A: large, rugged brown scales 3, deformed body, armoured tail, roll, long
tongue, awkward tongue
a: no special abilities


You were on level 2 of the Dungeon.
You visited 1 branch of the dungeon, and saw 3 of its levels.

You collected 36 gold pieces.

Inventory:

Hand Weapons
 a - a +0 long sword (weapon)
Armour
 b - a +0 scale mail
 c - a +0 buckler (worn)
 e - a +0 chain mail (worn)
Wands
 o - a wand of charming (9)
Scrolls
 f - 2 scrolls of identify {unknown}
 g - a scroll of noise {unknown}
 j - a scroll of torment {unknown}
 k - a scroll of teleportation {unknown}
 m - a scroll of amnesia {unknown}
Potions
 l - a potion of berserk rage {unknown}
 n - a potion of mutation {unknown}
 p - a potion of enlightenment {unknown}
 q - a potion of curing {unknown}


   Skills:
 - Level 2.6 Fighting
 + Level 4.9 Long Blades
 - Level 3.6 Armour
 - Level 3.2 Shields


You had 4 spell levels left.
You didn't know any spells.
Your spell library contained the following spells:

 Spells                   Type           Power      Damage    Failure   Level
 Lesser Beckoning         Tloc           0%         N/A       99%         2
 Gell's Gravitas          Tloc           0%         N/A       100%        3
 Teleport Other           Tloc           0%         N/A       100%        3


Dungeon Overview and Level Annotations

Branches:
Dungeon (3/15)

Altars:
Uskayaw

Annotations:
D:3 Robin


Innate Abilities, Weirdness & Mutations

You are completely covered in rugged brown scales. (AC +3, +7% HP)
Armour fits poorly on your strangely shaped body.
You have a long armoured tail.
You roll when moving toward enemies. (Rampage)
Your long tongue fully drains potion bottles. (2x potion effects)
Your tongue gives you trouble enunciating. (1.5x scroll delay)


Message History

The iguana bites you!
Huge Dmg: -19%(-8hp) hp: 41%(18hp)
You closely miss the iguana.
Your tail-slap misses the iguana.
The iguana is severely wounded.
The iguana bites you but does no damage.
You hit the iguana but do no damage.
The iguana is severely wounded.
The iguana closely misses you. You block the iguana's attack.
You hit the iguana.
The iguana is severely wounded.
The iguana bites you.
* * * LOW HITPOINT WARNING * * *
Huge Dmg: -9%(-4hp) hp: 32%(14hp)
You hit the iguana but do no damage.
The iguana is severely wounded.
The iguana bites you but does no damage.
You closely miss the iguana.
The iguana is severely wounded.
The iguana bites you!
* * * LOW HITPOINT WARNING * * *
Huge Dmg: -22%(-10hp) hp: 10%(4hp)
You barely miss the iguana.
The iguana is severely wounded.
The iguana barely misses you.
You hit the iguana but do no damage.
The iguana is severely wounded.
The iguana bites you but does no damage.
It was a potion of haste.
You feel yourself speed up.
You slurp down every last drop of the potion of haste!
You block the iguana's attack.
You hit the iguana but do no damage.
The iguana is severely wounded.
The iguana barely misses you.
You closely miss the iguana.
The iguana is severely wounded.
The iguana bites you but does no damage.
You feel very mighty all of a sudden.
You slurp down every last drop of the potion of might!
The iguana bites you!
You die...

#..#....#.###.###....####.........#
'.......................+.........'
####......###.##.#...####.........#
# ##.#.### #.....>.## ##.......##
###.# ####.####### ##.....## #.#
#.# #.###.....## #.# #.#
#.#≈#....## #.# #.#####.#≈#....####
#.# #l@.....#≈#.......## #.#
#######..~.......... ######.#
#...~........## ##......#
#...~.......## .......##
#.##≈###....# ##.###.#
#.##≈#......# ##.# #.#
#.#######.### ...# #.# #..# #....#
#### #<# #### ####.#


You could see an iguana.

Vanquished Creatures
  A phantom (D:2)
  An adder (D:2)
  A worm (D:2)
  4 dart slugs
  5 bats
  3 endoplasms
  5 giant cockroaches
  9 goblins
  3 hobgoblins
  4 jackals (D:2)
  2 kobolds (D:1)
  4 quokkas
  6 ball pythons (D:1)
  4 frilled lizards (D:1)
  4 rats
56 creatures vanquished.

Notes
Turn   | Place    | Note
-------+----------+-------------------------------------------
     0 | D:1      | RepHenryClay the Armataur Fighter began the quest for the
                  | Orb.
     0 | D:1      | Reached XP level 1. HP: 19/19 MP: 1/1
    49 | D:1      | Reached skill level 2 in Long Blades
   124 | D:1      | Reached XP level 2. HP: 26/26 MP: 2/2
   224 | D:1      | Found a faded altar of an unknown god.
   281 | D:1      | Reached skill level 3 in Long Blades
   432 | D:1      | Reached XP level 3. HP: 29/32 MP: 3/3
   940 | D:2      | Found a hide-covered altar of Uskayaw.
  1446 | D:2      | Noticed a phantom
  1463 | D:2      | Killed a phantom
  1464 | D:2      | Reached skill level 4 in Long Blades
  1464 | D:2      | Reached XP level 4. HP: 32/39 MP: 4/4
  1749 | D:2      | Reached XP level 5. HP: 36/44 MP: 5/5
  1987 | D:3      | Noticed Robin
  2052 | D:2      | Slain by an iguana

Illustrated notes

Levels and vault maps discovered:
D:1:      dpeg_arrival_oval, layout_basic, hellmonk_ecumenical_altar_crossroads
D:2:      layout_loops_corners, serial_rivers, chequers_serial_rivers_micro_b,
          chequers_serial_rivers_marsh, chequers_serial_rivers_large_a,
          chequers_serial_rivers_small_b, chequers_serial_rivers_room_b,
          chequers_serial_rivers_micro_a, basic_altar
D:3:      layout_basic, kiku_gazebo_garden_becter, serial_shops,
          nicolae_book_shop_shelving, ebering_ghost_disaster_area,
          nicolae_wormholes, uniq_robin, uniq_crazy_yiuf_cottage

Skill      XL: |  1  2  3 |
---------------+----------+-----
Long Blades    | 2 3 4 |  4.9
Fighting       | |  2.6
Armour         | |  3.6
Shields        | |  3.2

Action                     |  1- 3 |  4- 6 || total
---------------------------+-------+-------++-------
  Melee: Long sword        |   141 |    57 ||   198
         Tailslap          |    13 |     4 ||    17
    Use: Potion            |       |     3 ||     3
 Armour: Scale mail        |     4 |       ||     4
         Chain mail        |    77 |    26 ||   103
  Dodge: Dodged            |    48 |    19 ||    67
  Block: Buckler           |    31 |    11 ||    42

Table legend: (Time is in decaauts)
 A = Elapsed time spent in this place.
 B = Non-inter-level travel time spent in this place.
 C = Inter-level travel time spent in this place.
 D = Time resting spent in this place.
 E = Time spent auto-exploring this place.
 F = Levels seen in this place.
 G = Mean time per level.
                   A        B        C        D        E       F      G
               +--------+--------+--------+--------+--------+-----+--------+
         Total |   2101 |   2020 |     81 |      2 |   1596 |   3 |  700.3 |
       Dungeon |   2101 |   2020 |     81 |      2 |   1596 |   3 |  700.3 |
               +--------+--------+--------+--------+--------+-----+--------+

Top non-repeatable levels by time:
     D:2: 1064 daAuts
     D:1: 958 daAuts
     D:3: 78 daAuts
